Map: [ESL] Cosmic Sapphire

Players

Spirit (souL) - Winner!

  • Race: Terran Terran
  • League: Grandmaster
  • Spawn Location: 5:00

Vindicta

  • Race: Terran Terran
  • League: Master
  • Spawn Location: 11:00

VOD

Have the link to the VOD?

Description

Time

  • Played on: Nov. 7, 2022, 8:48 a.m.
  • Length: 15:44
Show
View Real Time Build Order
Export as new Build Order

Spirit Terran - Winner!

Build Orders:  

Get SALT Encoding   

  12  0:00  SCV  
  13  0:12  SCV  
  14  0:17  Supply Depot  
  14  0:24  SCV  
  15  0:38  SCV  
  15  0:40  Barracks  
  16  0:44  Refinery  
  16  0:50  SCV  
  16  0:52  Refinery  
  17  1:02  SCV  
  18  1:15  SCV  
  19  1:27  Reaper, Orbital Command  
  19  1:32  Supply Depot  
  20  1:44  Factory  
  20  1:53  SCV  
  21  1:59  Barracks Reactor  
  21  2:05  SCV  
  22  2:18  SCV  
  23  2:27  Command Center  
  23  2:30  SCV  
  23  2:33  Hellion  
  23  2:36  Reaper  
  27  2:38  Reaper  
  27  2:42  SCV  
  29  2:47  Supply Depot  
  29  2:54  Hellion  
  31  3:09  SCV  
  31  3:11  Marine x2  
  34  3:16  Factory Tech Lab  
  34  3:18  Starport  
  34  3:21  SCV  
  35  3:29  Marine x2  
  35  3:33  SCV  
  38  3:38  Cyclone  
  41  3:42  Refinery, Orbital Command  
  41  3:47  Marine  
  42  3:50  SCV  
  42  3:55  Starport Tech Lab  
  40  3:59  Marine  
  40  4:02  SCV  
  41  4:12  Cyclone  
  41  4:13  SCV  
  41  4:14  SCV  
  41  4:15  Raven  
  48  4:21  Supply Depot  
  48  4:25  SCV  
  48  4:26  SCV  
  48  4:27  Marine x2  
  52  4:37  SCV, Supply Depot  
  54  4:38  SCV  
  54  4:48  Siege Tank  
  54  4:49  SCV  
  54  4:50  SCV  
  54  4:52  Marine x2  
  61  4:59  Raven  
  63  5:01  SCV  
  63  5:02  SCV  
  63  5:03  Supply Depot  
  62  5:13  SCV  
  63  5:15  Command Center  
  63  5:17  SCV  
  63  5:24  Cyclone  
  63  5:25  SCV  
  65  5:29  SCV  
  65  5:32  Marine  
  66  5:37  SCV  
  66  5:42  SCV  
  67  5:49  SCV  
  66  5:54  SCV  
  67  5:59  Viking x2  
  67  6:00  Siege Tank  
  67  6:02  SCV  
  75  6:06  SCV  
  76  6:14  SCV  
  76  6:18  SCV  
  78  6:23  Refinery  
  78  6:24  Supply Depot  
  78  6:27  Marine, SCV  
  78  6:28  Orbital Command  
  78  6:29  Stimpack  
  78  6:30  SCV  
  78  6:31  Supply Depot  
  84  6:32  Siege Tank  
  84  6:35  Viking  
  84  6:41  Viking  
  84  6:43  SCV x2  
  88  6:49  Marine  
  88  6:50  Orbital Command  
  89  6:55  SCV  
  90  7:04  Siege Tank, SCV, Supply Depot  
  90  7:05  Barracks  
  90  7:07  Barracks, SCV  
  95  7:13  Viking x2  
  99  7:18  SCV x2  
  99  7:19  SCV  
  102  7:30  SCV x2  
  102  7:31  SCV  
  102  7:37  Siege Tank  
  108  7:42  SCV x2  
  108  7:43  Viking x2  
  114  7:53  SCV  
  114  7:54  SCV  
  114  7:56  SCV  
  114  8:02  Marine  
  114  8:04  Barracks Reactor, Barracks Tech Lab  
  100  8:06  SCV  
  100  8:07  Engineering Bay  
  100  8:08  Engineering Bay  
  100  8:09  Siege Tank  
  100  8:11  SCV  
  105  8:13  Viking  
  105  8:14  SCV  
  108  8:20  Marine  
  108  8:23  Combat Shield  
  108  8:26  Barracks  
  109  8:29  Barracks  
  109  8:30  SCV, Marine  
  111  8:38  Marine, SCV  
  114  8:42  Marine  
  114  8:47  Medivac x2  
  114  8:48  Marine  
  114  8:49  SCV x2  
  114  8:52  Refinery x2  
  114  8:54  Terran Infantry Weapons Level 1, Terran Infantry Armor Level 1, Supply Depot  
  111  8:55  Marine, Supply Depot  
  111  8:58  Concussive Shells  
  111  9:00  SCV  
  111  9:02  Command Center  
  113  9:05  SCV  
  113  9:06  Marauder  
  113  9:07  Marine  
  117  9:11  SCV  
  117  9:13  Marine  
  116  9:17  Medivac x2  
  116  9:18  Barracks Tech Lab x2  
  116  9:19  Marine  
  116  9:22  SCV  
  121  9:27  Marauder, Supply Depot  
  121  9:29  SCV  
  121  9:30  Marine  
  125  9:32  Marauder  
  125  9:34  Armory  
  125  9:38  Marauder x2, Marine  
  132  9:39  Starport  
  132  9:40  Starport  
  132  9:47  Marine  
  132  9:49  Marauder  
  132  9:50  Viking x2  
  132  9:52  Marine  
  139  9:56  Marine  
  139  9:58  Supply Depot  
  139  9:59  Marauder  
  145  10:00  Marauder  
  145  10:03  Armory  
  145  10:04  SCV  
  145  10:05  SCV, Marine  
  148  10:10  Marauder, Marine  
  148  10:13  Marine  
  151  10:17  Starport Reactor x2  
  151  10:18  Supply Depot  
  151  10:19  Refinery, SCV x2  
  151  10:21  Marauder x2, Supply Depot  
  157  10:22  Refinery  
  157  10:23  SCV  
  158  10:31  SCV  
  158  10:32  SCV  
  160  10:35  Viking  
  160  10:36  Viking  
  160  10:38  SCV  
  160  10:40  Marauder  
  160  10:41  Terran Ship Weapons Level 1  
  166  10:43  SCV  
  166  10:45  Fusion Core  
  166  10:47  Marine  
  166  10:48  Marauder, SCV  
  170  10:51  Planetary Fortress  
  170  10:53  Marine  
  170  10:56  SCV  
  174  11:02  Terran Vehicle And Ship Armor Level 1  
  181  11:13  Liberator x2  
  181  11:17  Viking x2  
  182  11:20  Viking  
  184  11:27  Viking, Supply Depot  
  184  11:28  Command Center  
  186  11:34  Advanced Ballistics  
  186  11:38  Command Center  
  186  11:39  Supply Depot  
  186  11:47  Viking x2, Terran Infantry Weapons Level 2  
  188  11:49  Viking  
  192  11:56  Smart Servos  
  195  12:02  Refinery  
  195  12:03  Refinery  
  195  12:06  Command Center  
  195  12:11  Sensor Tower, Command Center  
  199  12:23  Starport  
  199  12:24  Starport, Liberator x2  
  199  12:27  SCV  
  199  12:28  SCV, Liberator  
  197  12:37  Command Center x2  
  196  12:40  Planetary Fortress  
  196  12:42  Viking  
  198  12:45  Terran Ship Weapons Level 2  
  198  12:50  Viking  
  196  13:07  Liberator  
  198  13:15  Viking  
  200  13:22  Viking  
  188  13:36  Liberator x5  
  188  13:37  Marauder, Marine  
  200  13:45  Liberator  
  193  13:48  Marine  
  193  13:49  Marauder  
  193  13:52  Marine, Liberator x2  
  193  13:53  Marauder  
  193  13:55  Marine  
  195  13:59  Marauder  
  195  14:09  Marine  
  185  14:10  Marauder  
  185  14:11  Marauder  
  185  14:12  Marine  
  185  14:14  Marauder  
  187  14:19  Liberator x3  
  187  14:20  Marauder  
  187  14:21  Starport  
  197  14:24  Sensor Tower  
  197  14:25  Viking  
  197  14:27  Marine  
  196  14:54  Orbital Command x2  
  194  15:13  Marine  
Show
View Real Time Build Order
Export as new Build Order

Vindicta Terran 

Build Orders: Mech 

Get SALT Encoding   

  12  0:00  SCV  
  13  0:12  SCV  
  14  0:18  Supply Depot  
  14  0:24  SCV  
  15  0:39  SCV  
  15  0:40  Barracks  
  16  0:44  Refinery  
  16  0:52  SCV  
  16  0:53  Refinery  
  17  1:04  SCV  
  18  1:16  SCV  
  19  1:27  Reaper  
  19  1:29  Orbital Command  
  20  1:33  Supply Depot  
  20  1:46  Factory  
  20  1:55  SCV  
  20  1:59  Reaper  
  22  2:07  SCV  
  23  2:19  SCV  
  24  2:26  Command Center  
  24  2:32  Hellion  
  24  2:34  Barracks Tech Lab  
  26  2:38  SCV  
  27  2:45  Starport  
  27  2:52  Supply Depot  
  27  2:57  SCV  
  28  3:03  Barracks Tech Lab  
  28  3:07  Cyclone  
  28  3:09  SCV  
  31  3:21  SCV  
  32  3:29  Banshee  
  32  3:33  SCV  
  36  3:34  Barracks Reactor  
  36  3:38  Orbital Command  
  36  3:48  Cyclone  
  39  3:49  SCV  
  39  3:50  Orbital Command  
  39  4:01  SCV  
  40  4:08  Refinery  
  41  4:12  Marine  
  41  4:13  SCV  
  41  4:16  SCV  
  42  4:17  Marine  
  42  4:23  Raven  
  45  4:25  SCV  
  45  4:28  SCV  
  45  4:30  Marine  
  48  4:35  Marine  
  48  4:36  Supply Depot  
  48  4:37  SCV  
  50  4:41  SCV  
  50  4:43  Siege Tank  
  54  4:54  Supply Depot  
  54  4:57  Marine, SCV x2  
  57  5:00  Command Center  
  57  5:01  Marine  
  57  5:02  Refinery  
  55  5:09  SCV x2  
  55  5:10  Raven  
  56  5:15  Marine  
  56  5:18  Marine  
  58  5:21  SCV x2  
  58  5:24  Siege Tank  
  62  5:33  Marine  
  62  5:35  SCV  
  64  5:36  Marine  
  64  5:37  SCV  
  64  5:40  Factory  
  66  5:47  SCV  
  66  5:48  Factory  
  66  5:49  SCV  
  68  5:54  Supply Depot  
  68  5:56  Supply Depot  
  68  5:59  SCV  
  68  6:01  SCV  
  68  6:03  Viking  
  70  6:11  SCV  
  70  6:12  Viking, Siege Tank  
  70  6:13  SCV  
  76  6:23  SCV  
  77  6:25  SCV  
  77  6:31  Refinery, Orbital Command  
  77  6:33  Factory Reactor, Viking  
  77  6:34  Refinery  
  77  6:35  SCV  
  77  6:36  Siege Tank  
  77  6:38  SCV  
  84  6:46  Siege Tank  
  87  6:47  SCV  
  87  6:50  SCV  
  89  6:54  Engineering Bay  
  89  6:57  SCV  
  89  6:59  SCV  
  89  7:00  Supply Depot  
  91  7:01  Supply Depot  
  91  7:02  Viking, SCV  
  91  7:04  Viking  
  96  7:09  SCV  
  96  7:11  SCV  
  96  7:12  Siege Tank  
  96  7:14  SCV  
  101  7:17  Hellion x2  
  101  7:21  SCV  
  106  7:24  SCV, Supply Depot  
  106  7:25  Siege Tank  
  106  7:26  SCV  
  110  7:33  SCV  
  110  7:36  SCV  
  65  7:37  Sensor Tower, Viking x2  
  112  7:41  SCV  
  112  7:44  Siege Tank  
  119  7:47  SCV  
  119  7:51  SCV  
  119  7:54  SCV  
  119  7:57  Siege Tank  
  105  8:01  SCV  
  105  8:03  SCV  
  100  8:06  SCV  
  100  8:10  Viking x2  
  105  8:13  SCV  
  105  8:15  SCV  
  105  8:17  Siege Tank  
  105  8:18  SCV  
  108  8:23  Hellion  
  108  8:24  Hellion  
  108  8:25  SCV  
  113  8:27  SCV  
  113  8:31  SCV  
  113  8:37  SCV  
  113  8:39  SCV, Hellion  
  112  8:43  SCV  
  107  8:49  SCV  
  107  8:51  Factory, SCV  
  107  8:52  Factory  
  107  8:55  SCV  
  108  9:01  SCV  
  111  9:03  Liberator  
  111  9:05  Command Center, SCV  
  111  9:07  SCV  
  113  9:10  Hellion  
  113  9:14  SCV  
  114  9:17  SCV  
  114  9:19  SCV  
  116  9:26  SCV, Hellion  
  116  9:27  Supply Depot  
  116  9:29  SCV  
  120  9:31  SCV  
  120  9:32  Viking  
  120  9:37  Missile Turret  
  120  9:38  Armory, SCV  
  124  9:39  Siege Tank  
  124  9:41  SCV  
  124  9:43  SCV  
  124  9:45  Siege Tank  
  132  9:48  Supply Depot  
  132  9:50  SCV  
  132  9:51  Factory Reactor  
  133  9:52  Supply Depot  
  133  9:53  SCV  
  133  9:54  Infernal Pre-Igniter  
  133  9:57  SCV  
  135  10:02  Supply Depot  
  135  10:04  Factory Tech Lab  
  135  10:08  Viking  
  135  10:10  Supply Depot  
  135  10:11  Siege Tank  
  135  10:12  Supply Depot  
  138  10:16  Viking  
  138  10:18  Supply Depot  
  136  10:22  Siege Tank  
  141  10:32  Terran Vehicle Weapons Level 1, Hellion  
  141  10:34  Sensor Tower  
  141  10:35  Refinery  
  141  10:38  Refinery, Viking  
  141  10:40  Planetary Fortress  
  143  10:44  Thor  
  144  10:51  SCV  
  144  10:55  Liberator  
  144  10:57  Thor  
  148  11:00  Thor  
  156  11:08  Viking  
  156  11:11  Hellion x3  
  162  11:13  SCV  
  162  11:15  SCV, Supply Depot  
  164  11:19  Drilling Claws  
  164  11:20  Widow Mine  
  164  11:25  Armory  
  166  11:27  Widow Mine  
  166  11:28  Missile Turret  
  166  11:29  Missile Turret  
  168  11:35  Hellion  
  168  11:38  Viking, Hellion x2  
  168  11:39  Thor  
  172  11:40  Viking  
  180  11:47  SCV  
  180  11:50  Thor  
  187  11:56  Supply Depot  
  187  11:57  Missile Turret  
  187  11:59  Siege Tank  
  193  12:01  Widow Mine  
  193  12:02  Widow Mine x3  
  193  12:08  Viking  
  200  12:26  Mag-Field Accelerator  
  196  12:34  Thor  
  195  12:44  Command Center  
  199  12:45  Liberator x2  
  199  12:47  Command Center  
  199  12:54  Missile Turret  
  197  13:26  Siege Tank  
  200  13:29  Orbital Command  
  200  13:31  Siege Tank  
  200  13:34  Siege Tank  
  194  13:44  Hellbat, Supply Depot  
  194  13:47  Widow Mine, Hellion x2  
  165  13:58  Siege Tank  
  165  14:00  SCV  
  160  14:05  Starport x2  
  160  14:06  Widow Mine, Siege Tank  
  160  14:08  Hellion  
  160  14:09  Hellion  
  172  14:11  SCV x2  
  172  14:12  Armory, SCV  
  172  14:14  Armory  
  175  14:23  SCV x2  
  175  14:29  Factory Reactor  
  175  14:30  Starport Reactor, Siege Tank, Factory Tech Lab, Hellion  
  172  14:32  SCV  
  172  14:33  Orbital Command  
  172  14:35  SCV  
  172  14:36  SCV  
  172  14:38  Siege Tank  
  177  14:44  SCV  
  174  14:47  SCV  
  174  14:48  SCV  
  174  14:50  Viking x2  
  177  14:53  Armory  
  177  14:56  SCV  
  177  14:57  Planetary Fortress  
  178  15:00  Thor  
  178  15:02  Cyclone  
  172  15:07  Viking  
  166  15:24  SCV  
  166  15:25  SCV  
Tags
 
Composition
Mech
Matchup
TvT
Player
souL
Race
Terran
Spawn Locations
Cross Positions
Add a new tag
Caveats
  • Supply blocks, unpowered buildings, or Contaminate may cause inaccurate times.
  • Supply counts are checked every 10 seconds.